 Dungeon Crawl Stone Soup version 0.23-a0-622-g59b4ea9 (webtiles) character file.

277 tatocazan the Slasher (level 6, -3/43 HPs)
             Began as an Octopode Fighter on Dec 23, 2018.
             Succumbed to Edmund's poison
             ... on level 4 of the Dungeon.
             The game lasted 00:04:37 (3127 turns).

tatocazan the Slasher (Octopode Fighter)            Turns: 3127, Time: 00:04:38

Health: -3/43      AC:  1    Str: 21 (23) XL:     6   Next: 26%
Magic:  6/6        EV: 11    Int:  9 (10) God:
Gold:   147        SH:  9    Dex:  8 (11) Spells: 5/5 levels left

rFire    . . .     SeeInvis .   a - +0 long sword
rCold    . . .     Gourm    .   b - +0 shield
rNeg     . . .     Faith    .   (helmet restricted)
rPois    .         Spirit   .   o - amulet of magic regeneration
rElec    .         Reflect  .   (no ring)
rCorr    .         Harm     .   (no ring)
MR       .....                  (no ring)
Stlth    +++.......             (no ring)
HPRegen  0.14/turn              (no ring)
MPRegen  0.35/turn              (no ring)
                                (no ring)
                                (no ring)

@: mighty, lethally poisoned (-3 -> -53)
A: almost no armour, stealthy swim, amphibious, 8 rings, constrict 8, camouflage
1, gelatinous body 1
a: no special abilities


You were on level 4 of the Dungeon.
You were very hungry.

You visited 1 branch of the dungeon, and saw 4 of its levels.

You collected 147 gold pieces.

Inventory:

Hand Weapons
 a - a +0 long sword (weapon)
Armour
 b - a +0 shield (worn)
Jewellery
 o - an amulet of magic regeneration (around mantle)
Scrolls
 f - 2 scrolls of amnesia {unknown}
 i - 5 scrolls of identify {unknown}
 j - a scroll of teleportation {unknown}
 m - a scroll of blinking {unknown}
 n - 2 scrolls of fear {unknown}
Potions
 c - 5 potions of might
 g - a potion of haste {unknown}
 h - a potion of lignification {unknown}
 k - a potion of curing {unknown}
 l - a potion of heal wounds {unknown}
Comestibles
 d - 6 rations


   Skills:
 + Level 3.8 Fighting
 * Level 4.0 Long Blades
 + Level 3.7 Dodging
 + Level 3.3 Stealth
 + Level 3.9 Shields


You had 5 spell levels left.
You didn't know any spells.
Your spell library was empty.

Dungeon Overview and Level Annotations

Branches:
Dungeon (4/15)
 Temple: D:4-7

Altars:
Fedhas
Makhleb
Qazlal
Trog

Annotations:
D:4 Edmund


Innate Abilities, Weirdness & Mutations

You cannot wear most types of armour.
You are very stealthy in the water. (Stealth+)
You are amphibious.
You can wear up to eight rings at the same time.
You can use your tentacles to constrict eight enemies at once.
Your skin changes colour to match your surroundings (Stealth+).
Your rubbery body absorbs attacks. (AC +1, EV +1)


Message History

You are lethally poisoned!
You take 10 damage, and have 17/43 hp.
MASSIVE DAMAGE!!
You feel very mighty all of a sudden.
You constrict Edmund!
You feel sick.
You take 2 damage, and have 15/43 hp.
Your shield prevents you from hitting Edmund.
Edmund is heavily wounded.
You constrict Edmund!
You feel sick.
Edmund hits you with a +1 dire flail of venom!
* * * LOW HITPOINT WARNING * * *
You are more poisoned.
Edmund hits you with a +1 dire flail of venom.
* * * LOW HITPOINT WARNING * * *
You are more poisoned.
You take 14 damage, and have 1/43 hp.
MASSIVE DAMAGE!!
It was a potion of degeneration.
There was something very wrong with that liquid.
You feel weakened.
You feel dopey.
You feel clumsy.
You constrict Edmund!
You die...

#. ##. ##...
#... ##..# ?o.
#@# ##@## #...#
#...# #...#
#...# #
######...#####.#
#..............#
.!.............#
#.............##


You could see Edmund and an orc.

Vanquished Creatures
  2 hounds
  2 orc priests (D:3)
  An orc wizard (D:3)
  A worker ant zombie (D:3)
  5 adders
  An ooze (D:3)
  2 worms
  3 dart slugs
  2 leopard geckos
  2 orcs (D:3)
  2 ball pythons
  2 giant cockroaches
  6 goblins
  5 hobgoblins
  3 jackals (D:2)
  A quokka (D:3)
  14 bats
  3 frilled lizards
  9 kobolds
  5 rats
71 creatures vanquished.

Notes
Turn   | Place    | Note
-------+----------+-------------------------------------------
     0 | D:1      | tatocazan the Octopode Fighter began the quest for the Orb.
     0 | D:1      | Reached XP level 1. HP: 16/16 MP: 1/1
   149 | D:1      | Reached XP level 2. HP: 17/21 MP: 2/2
   368 | D:1      | Reached skill level 1 in Stealth
   681 | D:1      | Reached XP level 3. HP: 26/26 MP: 3/3
  1058 | D:2      | Reached XP level 4. HP: 31/31 MP: 4/4
  1289 | D:2      | Reached skill level 3 in Long Blades
  1422 | D:2      | Found a bloodstained altar of Trog.
  1932 | D:3      | Found a blossoming altar of Fedhas.
  2156 | D:3      | Reached XP level 5. HP: 35/36 MP: 5/5
  2523 | D:3      | Found a burning altar of Makhleb.
  2695 | D:3      | Reached XP level 6. HP: 38/43 MP: 6/6
  2712 | D:3      | Found a stormy altar of Qazlal.
  3109 | D:4      | Reached skill level 4 in Long Blades
  3117 | D:4      | Noticed Edmund
  3126 | D:4      | HP: 1/43 [Edmund/+1 dire flail of venom (5)]
  3127 | D:4      | Succumbed to Edmund's poison

Vault maps used:
D:1:      dpeg_arrival_water_temple_mockup
D:2:      lemuel_doored_altar
D:3:      makhleb_heckhound_becter, nicolae_qazlal_general_emergency,
          fedhas_ov_isle_minmay
D:4:      hangedman_feature_mirror, uniq_duvessa, uniq_ijyb, uniq_edmund

Skill      XL: |  1  2  3  4  5  6 |
---------------+-------------------+-----
Stealth        | 1 2 3 |  3.3
Long Blades    | 3 4 |  4.0
Fighting       | |  3.8
Dodging        | |  3.7
Shields        | |  3.9

Action                   |  1- 3 |  4- 6 || total
-------------------------+-------+-------++-------
Melee: Long sword        |    52 |    76 ||   128
       Constrict         |    20 |    21 ||    41
       Tentacles         |    10 |    24 ||    34
  Use: Potion            |       |     2 ||     2
 Stab: Sleeping          |     6 |    11 ||    17
  Eat: Chunk             |       |     6 ||     6
Armor: Skin              |     2 |     2 ||     4
Dodge: Dodged            |    25 |    37 ||    62
Block: Shield            |    25 |    38 ||    63
       Rpst.: Long sword |     9 |    10 ||    19

Table legend:
 A = Non-vault XP
 B = Vault XP
 C = Vault XP percentage of total XP
 D = Non-vault monster count
 E = Vault monster count
 F = Vault count percentage of total count
                 A         B        C        D         E       F
            +---------+---------+-------+---------+---------+-------
      Total |     355 |      42 |  10.6 |      70 |       1 |   1.4
            +---------+---------+-------+---------+---------+-------
        D:1 |      38 |       0 |   0.0 |      21 |       0 |   0.0
        D:2 |      61 |       0 |   0.0 |      22 |       0 |   0.0
        D:3 |     201 |      42 |  17.3 |      25 |       1 |   3.8
        D:4 |      55 |       0 |   0.0 |       2 |       0 |   0.0
            +---------+---------+-------+---------+---------+-------
